 Dungeon Crawl Stone Soup version 0.29.0-11-gd7f09526c8 (webtiles) character file.

Game seed: 9326612338608881972

4133 SnakkuSnakku7 the Cleaver (level 10, 0/72 HPs)
             Began as a Human Delver on Sept 6, 2022.
             Was a Follower of the Shining One.
             Slain by an orc warrior
             ... wielding a +0 war axe
              (6 damage)
             ... in a bailey.
             The game lasted 00:16:09 (8425 turns).

SnakkuSnakku7 the Cleaver (Human Delver)            Turns: 8425, Time: 00:16:10

Health: 0/72       AC: 16    Str: 17    XL:     10   Next: 51%
Magic:  10/10      EV:  5    Int: 11    God:    the Shining One [*.....]
Gold:   192        SH:  6    Dex: 22    Spells: 9/9 levels left

rFire   + . .      SeeInvis .   a - +3 war axe "Buirphie" {speed, *Corrode rF+ Will+ Dex+2}
rCold   . . .      Faith    .   s - +2 buckler
rNeg    . . .      Spirit   .   J - +0 plate armour
rPois   .          Reflect  .   (no helmet)
rElec   .          Harm     .   (no cloak)
rCorr   .          Rampage  .   u - +0 pair of gloves
Will    +....                   A - +0 pair of boots
Stlth   ..........              (no amulet)
HPRegen 0.22/turn               j - +4 ring of protection
MPRegen 0.12/turn               E - +6 ring of dexterity

@: glowing
A: no striking features
a: Renounce Religion, Divine Shield


You were in a bailey.
You worshipped the Shining One.
The Shining One was aware of your devotion.
You visited 2 branches of the dungeon, and saw 11 of its levels.
You also visited: Bailey.

You collected 370 gold pieces.
You spent 178 gold pieces at shops.

Inventory:

Hand Weapons
 a - the +3 war axe "Buirphie" (weapon) {speed, *Corrode rF+ Will+ Dex+2}
   (You found it on level 3 of the Dungeon)

   Attacks with this weapon are significantly faster.
   Dex:       It affects your dexterity (+2).
   rF:        It protects you from fire.
   *Corrode:  It may corrode you when you take damage.
   Will:      It increases your willpower.
 i - a +0 spear
 I - a +0 broad axe
Missiles
 k - a throwing net
 o - 7 poisoned darts (quivered)
Armour
 s - a +2 buckler (worn)
 u - a +0 pair of gloves (worn)
 A - a +0 pair of boots (worn)
 J - a +0 plate armour (worn)
Jewellery
 j - a +4 ring of protection (left hand)
 E - a +6 ring of dexterity (right hand)
Wands
 g - a wand of digging (3)
 t - a wand of flame (27)
Scrolls
 c - 3 scrolls of fog
 e - a scroll of vulnerability
 m - 2 scrolls of poison
 q - a scroll of fear
 r - 2 scrolls of teleportation {unknown}
 v - a scroll of enchant armour {unknown}
 x - a scroll of blinking
 y - a scroll of silence {unknown}
 D - 5 scrolls of identify
 F - a scroll of enchant weapon {unknown}
Potions
 d - 2 potions of attraction
 f - 3 potions of haste
 h - a potion of heal wounds
 l - 5 potions of magic
 n - 5 potions of curing
 w - 2 potions of mutation
 z - a potion of resistance
 B - a potion of cancellation {unknown}
 C - a potion of flight
 G - a potion of ambrosia {unknown}
 H - 2 potions of brilliance {unknown}


   Skills:
 - Level 4.2 Fighting
 + Level 14.0(14.1) Axes
 - Level 2.0(9.3) Polearms
 - Level 2.0 Dodging
 - Level 5.0 Stealth


You had 9 spell levels left.
You didn't know any spells.
Your spell library contained the following spells:

 Spells                   Type           Power      Damage    Failure   Level
 Ensorcelled Hibernation  Hex/Ice        0%         N/A       100%        2
 Poisonous Vapours        Pois/Air       0%         N/A       100%        2
 Frozen Ramparts          Ice            0%         1d1       100%        3
 Spider Form              Tmut/Pois      0%         N/A       100%        3
 Anguish                  Hex/Necr       0%         N/A       100%        4
 Corpse Rot               Necr/Pois/Air  0%         N/A       100%        4
 Ice Form                 Ice/Tmut       0%         N/A       100%        4
 Summon Ice Beast         Ice/Summ       0%         N/A       100%        4


Dungeon Overview and Level Annotations

Branches:
Dungeon (10/15)            Temple (1/1) D:4          Bailey (1/1)
   Lair: D:8-11         Orc: D:9-12

Altars:
Ashenzari
Cheibriados
Elyvilon
Hepliaklqana
Kikubaaqudgha
Makhleb
Nemelex Xobeh
Okawaru
Qazlal
Ru
Sif Muna
Trog
Uskayaw
Vehumet
Xom
Yredelemnul
Zin
The Shining One

Shops:
D:2 (   D:4 ?!(?   D:6 (


Message History

Items here: ! $ ( [.
A goblin is nearby!
There is an open door here.
The orc warrior shouts!
Things that are here:
a +0 hand axe; a +0 leather armour; a hobgoblin corpse
Items here: )) [[ ÷.
Things that are here:
a +0 war axe; a +0 ring mail; a boomerang Throw: 10 darts (poison)
Press: ? - help, Q - select action, (/) - cycle Shift-Dir - straight line, f - orc warrior
Aim: an orc warrior, wielding a +0 war axe and wearing a +0 chain mail (62% to hit)
You throw a poisoned dart. The poisoned dart hits the orc warrior.
The orc warrior is poisoned.
Throw: 9 darts (poison)
Press: ? - help, Q - select action, (/) - cycle Shift-Dir - straight line, f/p - orc warrior
Aim: an orc warrior, wielding a +0 war axe and wearing a +0 chain mail (lightly wounded, poisoned, 62% to hit)
You throw a poisoned dart. The poisoned dart hits the orc warrior.
The orc warrior is lightly wounded.
Throw: 8 darts (poison)
Press: ? - help, Q - select action, (/) - cycle Shift-Dir - straight line, f/p - orc warrior
Aim: an orc warrior, wielding a +0 war axe and wearing a +0 chain mail (lightly wounded, poisoned, 62% to hit)
You throw a poisoned dart.
The poisoned dart barely misses the orc warrior.
The orc warrior looks more healthy.
Okay, then.
You slash the orc warrior!
The orc warrior is heavily wounded.
The orc warrior hits you with a +0 war axe.
* * * LOW HITPOINT WARNING * * *
You hit the orc warrior.
The orc warrior is severely wounded.
The orc warrior hits you with a +0 war axe!
* * * LOW HITPOINT WARNING * * *
You hit the orc warrior.
The orc warrior is severely wounded.
You hit the orc warrior but do no damage.
The orc warrior is severely wounded.
The orc warrior hits you with a +0 war axe.
You die...

#.....)....
##~≈≈≈≈≈≈≈≈..
##≈≈≈≈≈≈≈≈≈≈≈≈≈
###≈≈≈≈#########≈≈
####≈≈≈≈≈∩#..gogoo#∩≈
####≈≈≈≈≈≈####...g.K.###
#≈≈≈≈≈≈≈~.#..####'####..
≈≈≈≈≈≈≈.# #o......)).(..
≈≈≈≈≈≈.@# .####'####..
####...o# .. #.. ##...#
#.. #.. ##..######. ##'
#....o..#########).
##...))...)..(.)...
###########.######
#......# ...##..##


You could see an orc warrior.

Vanquished Creatures
  An orc knight (Bailey)
  Joseph (D:7)
  A troll (D:7)
  Sigmund (D:3)
  2 steam dragons
  Menkaure (D:7)
  A sky beast (D:7)
  5 orc warriors
  An ice beast (D:5)
  An ogre (D:5)
  3 centaurs
  2 phantoms (D:5)
  3 bullfrogs
  3 scorpions (D:5)
  A howler monkey (D:5)
  4 jellies
  4 orc priests
  A gnoll bouda (D:7)
  5 hounds
  Ijyb (D:3)
  7 orc wizards
  5 iguanas
  9 adders
  11 gnolls
  3 shadow imps
  A white imp (D:6)
  An ufetubus (D:5)
  4 worms
  2 dart slugs
  35 orcs
  7 endoplasms
  4 giant cockroaches
  7 hobgoblins
  4 quokkas
  6 ball pythons
  2 bats (D:1)
  A frilled lizard (D:2)
  6 goblins
  14 kobolds
  6 rats
177 creatures vanquished.

Vanquished Creatures (others)
  3 plants (D:4)
3 creatures vanquished.

Grand Total: 180 creatures vanquished

Notes
Turn   | Place    | Note
-------+----------+-------------------------------------------
     0 | D:5      | SnakkuSnakku7 the Human Delver began the quest for the Orb.
     0 | D:5      | Reached XP level 1. HP: 18/18 MP: 1/1
    91 | D:5      | Found a broken altar of Ashenzari.
   113 | D:5      | Noticed a jelly
   214 | D:4      | Reached XP level 2. HP: 9/25 MP: 2/2
   472 | D:4      | Found Quasohyxt's Magic Scroll Emporium.
   528 | D:3      | Reached XP level 3. HP: 12/30 MP: 3/3
   639 | D:3      | Identified the +3 war axe "Buirphie" {speed, *Corrode rF+
                  | Will+ Dex+2}
   740 | D:3      | Noticed Ijyb
  1062 | D:2      | Found Kajuruc's Weapon Shoppe.
  1098 | D:2      | Reached skill level 1 in Axes
  1168 | D:2      | Reached XP level 4. HP: 37/37 MP: 4/4
  1345 | D:1      | Reached skill level 2 in Axes
  1486 | D:1      | Found a faded altar of an unknown god.
  2476 | D:4      | Found Eluegui's Distillery.
  2485 | D:4      | Bought a potion of curing for 36 gold pieces
  2485 | D:4      | Bought a potion of degeneration for 12 gold pieces
  2485 | D:4      | Bought a potion of might for 48 gold pieces
  2628 | D:3      | Reached skill level 3 in Axes
  2628 | D:3      | Reached XP level 5. HP: 40/42 MP: 5/5
  2702 | D:3      | Reached skill level 4 in Axes
  2844 | D:3      | Reached XP level 6. HP: 46/48 MP: 6/6
  2972 | D:3      | Noticed Sigmund
  2986 | D:3      | Killed Sigmund
  2987 | D:3      | Reached skill level 5 in Axes
  2987 | D:3      | Reached XP level 7. HP: 38/54 MP: 7/7
  3184 | D:3      | Killed Ijyb
  3185 | D:3      | Reached skill level 6 in Axes
  3239 | D:4      | Found a staircase to the Ecumenical Temple.
  3254 | Temple   | Entered the Ecumenical Temple
  3289 | Temple   | Became a worshipper of the Shining One
  3527 | D:4      | Found Wuocs's Weapon Boutique.
  3892 | D:4      | Found Onackusi's Magic Scroll Emporium.
  3898 | D:4      | Bought a scroll of blinking for 82 gold pieces
  4267 | D:5      | Reached skill level 7 in Axes
  4386 | D:5      | Reached XP level 8. HP: 59/60 MP: 8/8
  4718 | D:5      | Reached skill level 8 in Axes
  4884 | D:5      | Reached skill level 9 in Axes
  5451 | D:6      | Reached XP level 9. HP: 65/65 MP: 9/9
  5506 | D:6      | Found Saat Lad's Antique Weapon Shoppe.
  5551 | D:6      | Reached skill level 10 in Axes
  5574 | D:6      | Found a sparkling altar of Nemelex Xobeh.
  6103 | D:7      | Noticed Joseph
  6437 | D:7      | Reached skill level 11 in Axes
  6561 | D:7      | Noticed Menkaure
  6569 | D:7      | Killed Menkaure
  6578 | D:7      | Reached * piety under the Shining One
  6847 | D:7      | Noticed a troll
  6860 | D:7      | Killed a troll
  7020 | D:7      | Killed Joseph
  7021 | D:7      | Reached skill level 12 in Axes
  7149 | D:7      | Found a snail-covered altar of Cheibriados.
  7208 | D:7      | Reached XP level 10. HP: 59/72 MP: 10/10
  7318 | D:8      | Reached skill level 13 in Axes
  7890 | D:9      | You fall into a shaft and drop 1 floor!
  7890 | D:10     | Entered Level 10 of the Dungeon
  7893 | D:10     | Found a flagged portal.
  7898 | D:10     | Identified the +8 trident "Wycaism" {drain, rPois rN+}
  7908 | Bailey   | Entered a bailey
  7923 | Bailey   | Noticed an orc knight
  8152 | Bailey   | Killed an orc knight
  8375 | Bailey   | Reached skill level 14 in Axes
  8425 | Bailey   | Slain by an orc warrior

Illustrated notes

Levels and vault maps discovered:
D:1:      ncdulo_watergridlock, layout_basic,
          shapermc_ecumenical_altar_hornbeckon
D:2:      layout_loops_cross, serial_shops, nicolae_shop_advertising_works
          [nicolae_subvault_shop_adworks], minmay_pentomino_pile
D:3:      layout_basic, uniq_sigmund, uniq_ijyb
D:4:      layout_basic, minmay_temple_entry_mini_moons, serial_shops, shop,
          nicolae_shop_statue_plus, nicolae_shop_temple_entry_statues_fountains,
          nicolae_shop_crystal, serial_park_tiny_2, serial_bayou_crossing
D:5:      minmay_octagon_keep, layout_basic,
          mainiacjoe_overflow_small_starburst, serial_glass, glass_columns_b,
          glass_columns_b
D:6:      layout_loops_corners, mainiacjoe_overflow_boulevard, serial_shops,
          kennysheep_mini
D:7:      layout_loops_ring, mainiacjoe_overflow_six_doors_small, uniq_joseph,
          uniq_menkaure
D:8:      layout_rooms
D:9:      minmay_gate_of_8, layout_stronghold, st_stairs_10
D:10:     cheibrodos_fzero, layout_rooms, due_lair_maze_entry_diamond,
          enter_bailey_2, special_room [special_room_kobold]
Temple:   compressed_dpeg_triangle_lava_temple
Bailey:   bailey_axe_4, bailey

Skill      XL: |  1  2  3  4  5  6  7  8  9 10 |
---------------+-------------------------------+-----
Fighting       | 4 |  4.2
Axes           | 1 3 4 5 7 9 12 14 | 14.0
Polearms       | |  2.0
Dodging        | |  2.0
Stealth        | |  5.0

Action                   |  1- 3 |  4- 6 |  7- 9 | 10-12 || total
-------------------------+-------+-------+-------+-------++-------
Melee: Spear             |    59 |       |       |       ||    59
       War axe           |    29 |    93 |   292 |    97 ||   511
Throw: Dart              |       |       |     6 |     4 ||    10
Evoke: Wand              |       |       |       |     4 ||     4
  Use: Scroll            |     3 |       |    11 |       ||    14
       Potion            |       |       |     2 |     1 ||     3
 Stab: Sleeping          |     5 |    10 |       |       ||    15
Armor: Leather armour    |    14 |    31 |    49 |    11 ||   105
       Skin              |       |       |     5 |       ||     5
       Plate armour      |       |       |       |    13 ||    13
Dodge: Dodged            |    58 |    46 |    94 |    23 ||   221
Block: Buckler           |       |     2 |    49 |    23 ||    74
